 Dungeon Crawl Stone Soup version 0.24-a0-7-g1bb0902 (webtiles) character file.

Game seed: 6311517226215807789

48 grandjackal the Skirmisher (level 3, 0/29 HPs)
             Began as a Demonspawn Chaos Knight on Jan 30, 2019.
             Was a Plaything of Xom.
             Slain by Ijyb the human (shapeshifter) (8 damage)
             ... on level 3 of the Dungeon.
             The game lasted 00:01:36 (1304 turns).

grandjackal the Skirmisher (DsCK)                   Turns: 1304, Time: 00:01:37

Health: 0/29       AC:  5    Str: 13    XL:     3   Next: 50%
Magic:  3/3        EV: 13    Int: 13    God:    Xom [..*...]
Gold:   179        SH:  0    Dex: 12    Spells: 2/2 levels left

rFire    . . .     SeeInvis .   a - +0 falchion (chaos)
rCold    . . .     Gourm    .   (no shield)
rNeg     . . .     Faith    .   b - +2 leather armour
rPois    .         Spirit   .   (no helmet)
rElec    .         Reflect  .   e - scarf {cloud immunity}
rCorr    .         Harm     .   (no gloves)
MR       .....                  (no boots)
Stlth    +.........             (no amulet)
HPRegen  0.09/turn              h - +1 ring of evasion
MPRegen  0.08/turn              (no ring)

@: no status effects
A: claws 1, spiny 1
a: Renounce Religion


You were on level 3 of the Dungeon.
You worshipped Xom.
You were a toy of Xom.
You were not hungry.

You visited 1 branch of the dungeon, and saw 3 of its levels.

You collected 179 gold pieces.

Inventory:

Hand Weapons
 a - a +0 falchion of chaos (weapon)
Armour
 b - a +2 leather armour (worn)
 e - a scarf of cloud immunity (worn)
Jewellery
 h - a +1 ring of evasion (left claw)
Wands
 p - a wand of random effects (10)
Scrolls
 f - 3 scrolls of identify {unknown}
 i - 3 scrolls of teleportation {unknown}
 k - 2 scrolls of enchant weapon {unknown}
 l - a scroll of amnesia {unknown}
 m - a scroll of magic mapping {unknown}
 o - 2 scrolls of fear {unknown}
 q - a scroll of blinking {unknown}
 r - a scroll of fog {unknown}
Potions
 d - a potion of invisibility {unknown}
 g - a potion of curing {unknown}
 n - a potion of degeneration {unknown}
Comestibles
 c - 6 rations
 j - 2 chunks of flesh


   Skills:
 + Level 3.4 Fighting
 - Level 3.0 Long Blades
 + Level 2.3 Armour
 + Level 1.7 Dodging
 + Level 0.3 Unarmed Combat


You had 2 spell levels left.
You didn't know any spells.
Your spell library was empty.

Dungeon Overview and Level Annotations

Branches:
Dungeon (3/15)

Altars:
Fedhas

Annotations:
D:3 Ijyb


Innate Abilities, Weirdness & Mutations

You have sharp fingernails.
You are partially covered in sharp spines.


Message History

Ijyb is severely wounded.
Ijyb is struck by your spines. Ijyb closely misses you. Ijyb hits you!
You are too injured to fight recklessly!
You are too injured to fight recklessly!
You are too injured to fight recklessly!
You barely miss Ijyb.
Ijyb is severely wounded.
Ijyb closely misses you.
You riposte.
You barely miss Ijyb.
Ijyb is severely wounded.
Ijyb is struck by your spines. Ijyb completely misses you.
You hit Ijyb.
Ijyb is severely wounded.
Ijyb is struck by your spines. Ijyb barely misses you.
You barely miss Ijyb.
Ijyb is severely wounded.
Ijyb hits you.
* * * LOW HITPOINT WARNING * * *
Ijyb is struck by your spines. Ijyb hits you!
You die...
Xom howls with laughter!

#.#### .# ##.....
##.# ####......
#... ..........
#..# ####......
#..# ##.....
#.###..# #.....
#..(.p.# #.####
#@# ##'## #.#
##...## #.###
##.....## #.).##
##.>.....#
#....####.........
#.......+.........
##...####.........
#....# ##.......#
##.##.# ##.)...##


You could see Ijyb the human shaped shifter (berserk).

Vanquished Creatures
  An adder (D:2)
  2 oozes
  A dart slug (D:1)
  2 leopard geckos
  4 bats (D:1)
  2 giant cockroaches
  A goblin (D:3)
  2 hobgoblins (D:1)
  3 jackals (D:3)
  A frilled lizard (D:3)
  5 kobolds
  A rat (D:1)
25 creatures vanquished.

Notes
Turn   | Place    | Note
-------+----------+-------------------------------------------
     0 | D:1      | grandjackal the Demonspawn Chaos Knight began the quest for
                  | the Orb.
     0 | D:1      | Reached XP level 1. HP: 18/18 MP: 1/1
    67 | D:1      | Reached skill level 1 in Dodging
   167 | D:1      | XOM: mild Tmut miscast
   221 | D:1      | XOM: divination: detect items
   258 | D:1      | Gained mutation: You are partially covered in sharp spines.
                  | [demonic ancestry]
   258 | D:1      | Reached XP level 2. HP: 24/24 MP: 2/2
   526 | D:1      | XOM: noise
   565 | D:1      | XOM: noise
   692 | D:1      | XOM: harmless Air miscast
   760 | D:2      | Gained mutation: You have sharp fingernails. [demonic
                  | ancestry]
   760 | D:2      | Reached XP level 3. HP: 25/29 MP: 3/3
   918 | D:2      | Found a blossoming altar of Fedhas.
  1049 | D:2      | XOM: cloud trail
  1288 | D:3      | Noticed Ijyb
  1294 | D:3      | Noticed Ijyb
  1294 | D:3      | Ijyb changed into Ijyb the shapeshifter
  1294 | D:3      | Noticed Ijyb
  1294 | D:3      | Ijyb the shapeshifter changed into Ijyb the human
  1304 | D:3      | Slain by Ijyb the human (shapeshifter)

Vault maps used:
D:1:      arrival_zaba_pyramid
D:2:      fedhas_altar_1
D:3:      uniq_robin, uniq_ijyb, uniq_grinder, uniq_crazy_yiuf_cottage

Skill      XL: |  1  2 |
---------------+-------+-----
Dodging        | 1 |  1.7
Armour         | 2 |  2.3
Long Blades    | 3 |  3.0
Fighting       | |  3.4
Unarmed Combat | |  0.3

Action                   || total
-------------------------++-------
Melee: Falchion          ||    69
  Eat: Chunk             ||     1
Armor: Leather armour    ||    23
Dodge: Dodged            ||    45
       Rpst.: Falchion   ||    11

Table legend:
 A = Non-vault XP
 B = Vault XP
 C = Vault XP percentage of total XP
 D = Non-vault monster count
 E = Vault monster count
 F = Vault count percentage of total count
                 A         B        C        D         E       F
            +---------+---------+-------+---------+---------+-------
      Total |      69 |       0 |   0.0 |      25 |       0 |   0.0
            +---------+---------+-------+---------+---------+-------
        D:1 |      30 |       0 |   0.0 |      14 |       0 |   0.0
        D:2 |      20 |       0 |   0.0 |       4 |       0 |   0.0
        D:3 |      19 |       0 |   0.0 |       7 |       0 |   0.0
            +---------+---------+-------+---------+---------+-------
